 Dungeon Crawl Stone Soup version 0.32-a0-42-ga30500b4d3 (webtiles) character file.

Game seed: 17327389259516218263

68 pokeman the Magician (level 4, -1/25 HPs)
             Began as a Deep Elf Hedge Wizard on Jan 31, 2024.
             Slain by an ufetubus (5 damage)
             ... on level 3 of the Dungeon.
             The game lasted 00:04:05 (2530 turns).

pokeman the Magician (Deep Elf Hedge Wizard)        Turns: 2530, Time: 00:04:06

Health: -1/25      AC:  2    Str:  7    XL:     4   Next: 1%
Magic:  0/13       EV: 12    Int: 21    God:
Gold:   123        SH:  0    Dex: 14    Spells: 6/14 levels left

rFire   . . .        m - +0 short sword (drain)
rCold   . . .        (no shield)
rNeg    . . .        b - +0 robe
rPois   .            c - +0 hat
rElec   .            (no cloak)
rCorr   .            (no gloves)
SInv    .            (no boots)
Will    .....        (no amulet)
Stlth   ++           (no ring)
HPRegen 0.24/turn    (no ring)
MPRegen 0.13/turn

%: no passive effects
@: no status effects
A: no striking features
a: no special abilities


You were on level 3 of the Dungeon.
You visited 1 branch of the dungeon, and saw 3 of its levels.

You collected 123 gold pieces.

Inventory:

Hand Weapons
 m - a +0 short sword of draining (weapon)
Armour
 a - a +0 buckler
 b - a +0 robe (worn)
 c - a +0 hat (worn)
Scrolls
 j - a scroll of identify {unknown}
 k - 2 scrolls of teleportation {unknown}
 l - a scroll of immolation {unknown}
 n - a scroll of poison {unknown}
 o - a scroll of fog {unknown}
 p - a scroll of blinking {unknown}
 q - a scroll of noise {unknown}
 r - a scroll of summoning {unknown}
Potions
 d - 2 potions of magic
 e - 2 potions of enlightenment {unknown}
 f - a potion of attraction {unknown}
 g - 3 potions of degeneration {unknown}
 h - 2 potions of might {unknown}
 i - a potion of brilliance {unknown}


   Skills:
 - Level 1.0 Fighting
 - Level 1.0 Armour
 + Level 2.6 Dodging
 - Level 2.4 Stealth
 + Level 0.1 Shields
 * Level 5.5 Spellcasting
 + Level 2.0 Conjurations
 - Level 1.1 Summonings
 - Level 1.1 Translocations


You had 6 spell levels left.
You knew the following spells:

 Your Spells              Type           Power      Damage    Failure   Level
a - Magic Dart            Conj           56%        1d5       4%          1
b - Mephitic Cloud        Conj/Alch/Air  8%         N/A       24%         3
c - Call Imp              Summ           20%        N/A       10%         2
d - Blink                 Tloc           20%        N/A       10%         2

Your spell library contained the following spells:

 Spells                   Type           Power      Damage    Failure   Level
 Slow                     Hex            20%        N/A       11%         1
 Cigotuvi's Dreadful Rot  Necr/Alch/Air  10%        N/A       16%         2
 Confusing Touch          Hex            5%         N/A       30%         3
 Sigil of Binding         Hex            5%         N/A       30%         3
 Vampiric Draining        Necr           5%         2d6       30%         3


Dungeon Overview and Level Annotations

Branches:
Dungeon (3/15)

Altars:


Message History

Aim: an ufetubus (heavily wounded, confused, 100% to hit)
The magic dart hits the ufetubus.
The ufetubus is almost dead.
Unknown command.
You closely miss the ufetubus.
The ufetubus is almost dead.
The ufetubus slips past you! The ufetubus closely misses you.
The ufetubus barely misses you. x2; The ufetubus hits you.
* * * LOW HITPOINT WARNING * * *
You hit the ufetubus.
You kill the ufetubus!
You have reached level 4!
You feel clever.
A hobgoblin comes into view.
Casting: Magic Dart (safe; 4% risk of failure)
Confirm with . or Enter, or press ? or * to list all spells.
Aiming: Magic Dart (safe; 4% risk of failure)
Press: ? - help, Shift-Dir - straight line, f/p - ufetubus
Aim: an ufetubus (heavily wounded, 100% to hit)
The magic dart hits the ufetubus but does no damage.
The ufetubus is heavily wounded.
The hobgoblin shouts!
Unknown command.
You closely miss the ufetubus.
The ufetubus is heavily wounded.
The ufetubus misses you. The ufetubus hits you.
* * * LOW HITPOINT WARNING * * *
The ufetubus slips past you! The ufetubus closely misses you. x2
Unknown command.
You hit the ufetubus but do no damage.
The ufetubus is heavily wounded.
The ufetubus misses you.
The ufetubus hits you but does no damage.
You closely miss the ufetubus.
The ufetubus is heavily wounded.
The ufetubus hits you but does no damage.
The ufetubus hits you.
* * * LOW HITPOINT WARNING * * *
The ufetubus hits you.
You die...

######
.....#
####.# #.#
### ####.#
######...#
..##.#
#...@5...#
#.##.#
#.####.g.#
..##.# #.#
.....
#.##.#
#5### ####
.....#
#...#
..####
###.# #.#
#.# #.#
#.# #.#
#.#


You could see an ufetubus and a hobgoblin.

Vanquished Creatures
  An adder (D:2)
  An ufetubus (D:3)
  A dart slug (D:1)
  4 ball pythons
  5 endoplasms
  2 giant cockroaches
  4 hobgoblins
  6 jackals
  4 kobolds
  3 quokkas
  2 bats (D:1)
  3 frilled lizards
  6 goblins
  3 rats
45 creatures vanquished.

Notes
Turn   | Place    | Note
-------+----------+-------------------------------------------
     0 | D:1      | pokeman the Deep Elf Hedge Wizard began the quest for the
                  | Orb.
     0 | D:1      | Reached XP level 1. HP: 10/10 MP: 7/7
   462 | D:1      | Found a faded altar of an unknown god.
   502 | D:1      | Reached XP level 2. HP: 15/15 MP: 6/9
  1173 | D:1      | Reached skill level 5 in Spellcasting
  1459 | D:2      | Reached XP level 3. HP: 20/20 MP: 4/11
  1463 | D:2      | Learned a level 3 spell: Mephitic Cloud
  1466 | D:2      | Learned a level 2 spell: Call Imp
  1469 | D:2      | Learned a level 2 spell: Blink
  1712 | D:2      | Reached skill level 1 in Armour
  1980 | D:2      | Reached skill level 1 in Fighting
  2524 | D:3      | Reached XP level 4. HP: 7/25 MP: 0/13
  2530 | D:3      | Slain by an ufetubus

Illustrated notes

Levels and vault maps discovered:
D:1:      lemuel_arrival_hallway, layout_loops_ring,
          dreamdust_ecumenical_altar_statues, minivault_14, nrook_uturn,
          minmay_misc_feat_rugged, chequers_serial_rivers_room_b, hex_large,
          minmay_misc_feat_rows, kennysheep_pointless_box
D:2:      layout_basic
D:3:      layout_loops_corners

Skill      XL: |  1  2  3 |
---------------+----------+-----
Spellcasting   | 5 |  5.5
Armour         | 1 |  1.0
Fighting       | 1 |  1.0
Conjurations   | 2 |  2.0
Dodging        | |  2.6
Stealth        | |  2.4
Shields        | |  0.1
Summonings     | |  1.1
Translocations | |  1.1

Action                     |  1- 3 |  4- 6 || total
---------------------------+-------+-------++-------
  Melee: Short sword       |    13 |     3 ||    16
   Cast: Magic Dart        |   119 |     1 ||   120
         Mephitic Cloud    |     1 |       ||     1
         Blink             |     1 |       ||     1
 Armour: Robe              |    21 |     5 ||    26
  Dodge: Dodged            |    36 |     4 ||    40

Table legend: (Time is in decaauts)
 A = Elapsed time spent in this place.
 B = Non-inter-level travel time spent in this place.
 C = Inter-level travel time spent in this place.
 D = Time resting spent in this place.
 E = Time spent auto-exploring this place.
 F = Levels seen in this place.
 G = Mean time per level.
                   A        B        C        D        E       F      G
               +--------+--------+--------+--------+--------+-----+--------+
         Total |   2536 |   2435 |    101 |     30 |   2133 |   3 |  845.3 |
       Dungeon |   2536 |   2435 |    101 |     30 |   2133 |   3 |  845.3 |
               +--------+--------+--------+--------+--------+-----+--------+

Top non-repeatable levels by time:
     D:1: 1425 daAuts
     D:2: 834 daAuts
     D:3: 277 daAuts
